 Dungeon Crawl Stone Soup version 0.28.0 (webtiles) character file.

Game seed: 1324043124169801066

18 shoop the Chucker (level 2, 0/31 HPs)
             Began as an Ogre Hunter on Feb 13, 2022.
             Slain by a jackal (2 damage)
             ... on level 1 of the Dungeon.
             The game lasted 00:00:50 (494 turns).

shoop the Chucker (Ogre Hunter)                      Turns: 494, Time: 00:00:51

Health: 0/31       AC:  3    Str: 15    XL:     2   Next: 70%
Magic:  2/2        EV: 10    Int: 12    God:
Gold:   23         SH:  0    Dex:  9    Spells: 1/1 levels left

rFire   . . .      SeeInvis .   e - +0 whip
rCold   . . .      Faith    .   (no shield)
rNeg    . . .      Spirit   .   b - +0 robe
rPois   .          Reflect  .   (helmet restricted)
rElec   .          Harm     .   (no cloak)
rCorr   .          Rampage  .   (gloves unavailable)
Will    .....                   (boots unavailable)
Stlth   +.........              (no amulet)
HPRegen 0.10/turn               (no ring)
MPRegen 0.08/turn               (no ring)

@: no status effects
A: large, unfitting armour, tough skin 1
a: no special abilities


You were on level 1 of the Dungeon.
You visited 1 branch of the dungeon, and saw 1 of its levels.

You collected 23 gold pieces.

Inventory:

Hand Weapons
 a - a +0 short sword
 e - a +0 whip (weapon)
Missiles
 c - 5 large rocks (quivered)
 d - 2 throwing nets
Armour
 b - a +0 robe (worn)
Scrolls
 f - a scroll of immolation {unknown}
 g - a scroll of identify {unknown}


   Skills:
 + Level 3.1 Fighting
 + Level 0.6 Maces & Flails
 + Level 4.1 Throwing
 + Level 2.0 Dodging
 + Level 1.0 Stealth


You had one spell level left.
You didn't know any spells.
Your spell library was empty.

Dungeon Overview and Level Annotations

Branches:
Dungeon (1/15)

Altars:


Innate Abilities, Weirdness & Mutations

You are too large for most types of armour.
You have tough skin. (AC +1)


Message History

You are too injured to fight recklessly!
You are too injured to fight recklessly!
You are too injured to fight recklessly!
You are too injured to fight recklessly!
You are too injured to fight recklessly!
You are too injured to fight recklessly!
You are too injured to fight recklessly!
You are too injured to fight recklessly!
You are too injured to fight recklessly!
You are too injured to fight recklessly!
You are too injured to fight recklessly!
You are too injured to fight recklessly!
You are too injured to fight recklessly!
You miss the jackal. The jackal bites you. The jackal closely misses you.
You closely miss the jackal.
The jackal bites you but does no damage.
The jackal barely misses you. The jackal bites you.
* * * LOW HITPOINT WARNING * * *
The jackal closely misses you.
You aren't carrying any potions.
You hit the jackal.
The jackal is heavily wounded.
The jackal barely misses you. The jackal closely misses you.
You barely miss the jackal.
The jackal is heavily wounded.
The jackal barely misses you. The jackal bites you.
* * * LOW HITPOINT WARNING * * *
The jackal bites you.
* * * LOW HITPOINT WARNING * * *
The jackal bites you.
* * * LOW HITPOINT WARNING * * *
You barely miss the jackal.
The jackal is heavily wounded.
The jackal bites you.
* * * LOW HITPOINT WARNING * * *
The jackal closely misses you.
You barely miss the jackal.
The jackal is heavily wounded.
The jackal closely misses you. x2; The jackal bites you.
You die...

#.#...#.##.##..# #..#
#.#...#.##.##..###..#
###.###......##.......#
+##.#.......#####.....#.#
..#....##.### #..####.#
..#.##.##.# #..####.#
..#.......# #b..b...#
<.####.#### ##h#..#.##
..####.# #@###h# ..#....#
..##h#..# ..#.####
....S..h# '##.# ..#####.#
....# #.# #####


Sh. ... ..... ..... You could see 2 jackals, a bat and a ball python.

Vanquished Creatures
  A dart slug (D:1)
  3 ball pythons (D:1)
  2 bats (D:1)
  An endoplasm (D:1)
  2 giant cockroaches (D:1)
  2 hobgoblins (D:1)
  A jackal (D:1)
  3 frilled lizards (D:1)
  A kobold (D:1)
16 creatures vanquished.

Notes
Turn   | Place    | Note
-------+----------+-------------------------------------------
     0 | D:1      | shoop the Ogre Hunter began the quest for the Orb.
     0 | D:1      | Reached XP level 1. HP: 22/22 MP: 1/1
   215 | D:1      | Reached XP level 2. HP: 26/29 MP: 2/2
   377 | D:1      | Reached skill level 1 in Stealth
   494 | D:1      | Slain by a jackal

Illustrated notes

Levels and vault maps discovered:
D:1:      minmay_arrival_up_and_down, layout_loops_cross,
          shapermc_ecumenical_altar_venn

Skill      XL: |  1  2 |
---------------+-------+-----
Fighting       | 3 |  3.1
Dodging        | 2 |  2.0
Stealth        | 1 |  1.0
Maces & Flails | |  0.6
Throwing       | |  4.1

Action                   || total
-------------------------++-------
Melee: Whip              ||    73
       Short sword       ||     2
       Punch             ||     1
Armor: Robe              ||    30
Dodge: Dodged            ||    67
